 Dungeon Crawl Stone Soup version 0.29.0-5-ge4962eb29e (webtiles) character file.

Game seed: 1233634238748884806

42 Anothat the Trooper (level 3, -3/30 HPs)
             Began as a Formicid Abyssal Knight on Aug 28, 2022.
             Was a Priest of Lugonu.
             Killed from afar by Sigmund (6 damage)
             ... with a magic dart
             ... on level 2 of the Dungeon.
             The game lasted 00:02:20 (1086 turns).

Anothat the Trooper (Formicid Abyssal Knight)       Turns: 1086, Time: 00:02:20

Health: -3/30      AC:  9    Str: 19    XL:     3   Next: 77%
Magic:  2/5        EV:  7    Int:  9    God:    Lugonu [***...]
Gold:   48         SH:  0    Dex: 14    Spells: 2/2 levels left

rFire   . . .      SeeInvis +   a - +1 mace
rCold   . . .      Faith    .   (no shield)
rNeg    . . .      Spirit   .   d - +0 chain mail
rPois   .          Reflect  .   (helmet unavailable)
rElec   +          Harm     .   (no cloak)
rCorr   .          Rampage  .   (no gloves)
Will    .....                   (no boots)
Stlth   ..........              (no amulet)
HPRegen 0.10/turn               (no ring)
MPRegen 0.09/turn               (no ring)

@: attractive, flying, unable to drink
A: permanent stasis, dig shafts and tunnels, antennae 3, four strong arms,
electricity resistance, inability to drink after injury 1
a: Dig, Shaft Self, Renounce Religion, Depart the Abyss, Bend Space, Banish


You were on level 2 of the Dungeon.
You worshipped Lugonu.
Lugonu was most pleased with you.
You visited 1 branch of the dungeon, and saw 2 of its levels.
You visited the Abyss 1 time.

You collected 48 gold pieces.

Inventory:

Hand Weapons
 a - a +1 mace (weapon)
Armour
 b - a +0 leather armour
 d - a +0 chain mail (worn)
Jewellery
 c - a ring of magical power
Scrolls
 f - a scroll of fog {unknown}
 g - a scroll of blinking {unknown}
 i - 2 scrolls of magic mapping {unknown}


   Skills:
 + Level 3.7 Fighting
 + Level 2.5 Maces & Flails
 + Level 2.8 Armour
 - Level 1.1 Dodging
 + Level 2.8 Invocations


You had 2 spell levels left.
You didn't know any spells.
Your spell library was empty.

Dungeon Overview and Level Annotations

Branches:
Dungeon (2/15)

Altars:

Annotations:
D:2 Sigmund


Innate Abilities, Weirdness & Mutations

You cannot be hasted, slowed, berserked, paralysed or teleported.
You can dig through walls and to a lower floor.
You have a pair of large antennae on your head. (SInv)
Your four strong arms can wield two-handed weapons with a shield.
You are resistant to electric shocks. (rElec)
You occasionally lose the ability to drink potions when taking damage.


Message History

Sigmund hits you from afar with a +0 scythe.
It was a potion of mutation.
You feel extremely strange.
You occasionally lose the ability to drink potions when taking damage.
You feel insulated.
It was a potion of attraction.
You feel attractive to monsters.
Sigmund is suddenly surrounded by pale green light.
Sigmund hits you from afar with a +0 scythe.
Sigmund is attracted toward you.
You hit Sigmund.
Sigmund is lightly wounded.
Sigmund hits you but does no damage.
You hit Sigmund.
Sigmund is lightly wounded.
You hit Sigmund but do no damage.
Sigmund is lightly wounded.
Sigmund hits you with a +0 scythe.
You closely miss Sigmund.
Sigmund is lightly wounded.
Sigmund hits you with a +0 scythe!
You feel threatened and lose the ability to drink potions!
* * * LOW HITPOINT WARNING * * *
You aren't carrying any items that you can evoke.
Space bends violently around you!
You blink.
A goblin comes into view. It is wielding a +0 dagger.
The goblin shouts!
Sigmund hits you but does no damage. Sigmund is attracted toward you.
The goblin is attracted toward you. Space bends violently around you!
You blink.
Found a scroll labelled CIXORPH NITH.
Sigmund is attracted toward you. The goblin is attracted toward you.
Space bends violently around you!
You blink.
Found a stone staircase leading down.
Sigmund is attracted toward you.
You hit Sigmund but do no damage.
Sigmund is lightly wounded.
You can drink potions again.
Sigmund points at you and mumbles some strange words.
The magic dart hits you.
You feel threatened and lose the ability to drink potions!
You die...

# #......... #
##........
######.(......
.......############
.<.....# #####§..# #
.......####.....#.####.#
...........§..§.#.......
........###...g@#......>
........# #.§...@.......
#.....#.# #.....#.......
........# ####........?.
#......## #...#......
#...... #...#......
#......# #...#......
#...# ..... #...# .....


You could see Sigmund and a goblin.

Vanquished Creatures
  2 dart slugs
  4 bats (D:1)
  3 endoplasms
  A giant cockroach (D:1)
  3 goblins
  4 hobgoblins
  A quokka (D:2)
  6 ball pythons
  2 frilled lizards (D:1)
  A kobold (D:1)
  8 rats
35 creatures vanquished.

Notes
Turn   | Place    | Note
-------+----------+-------------------------------------------
     0 | Abyss:1  | Anothat the Formicid Abyssal Knight began the quest for the
                  | Orb.
     0 | Abyss:1  | Reached XP level 1. HP: 18/18 MP: 2/2
     1 | D:1      | Escaped the Abyss
    74 | D:1      | Reached skill level 1 in Dodging
    98 | D:1      | Reached XP level 2. HP: 17/24 MP: 3/3
   399 | D:1      | Reached XP level 3. HP: 29/29 MP: 4/4
   419 | D:1      | Found a faded altar of an unknown god.
   874 | D:2      | Reached *** piety under Lugonu
  1064 | D:2      | Noticed Sigmund
  1077 | D:2      | Gained mutation: You occasionally lose the ability to drink
                  | potions when taking damage. [potion of mutation]
  1077 | D:2      | Gained mutation: You are resistant to electric shocks.
                  | (rElec) [potion of mutation]
  1086 | D:2      | Killed from afar by Sigmund

Illustrated notes

Levels and vault maps discovered:
D:1:      dpeg_arrival_refuge, layout_basic, ebering_ecumenical_altar_box
D:2:      layout_basic, uniq_robin, uniq_terence, uniq_sigmund

Skill      XL: |  1 |
---------------+----+-----
Dodging        | 1 |  1.1
Fighting       | |  3.7
Maces & Flails | |  2.5
Armour         | |  2.8
Invocations    | |  2.8

Action                   || total
-------------------------++-------
Melee: Mace              ||    79
Invok: Bend Space        ||     3
  Use: Potion            ||     5
Armor: Leather armour    ||     3
       Chain mail        ||    33
Dodge: Dodged            ||    30
